 Dungeon Crawl Stone Soup version 0.27.1-34-g3ba077fa99 (webtiles) character file.

Game seed: 17603598469915734344

147 styxcanada the Sneak (level 5, 0/26 HPs)
             Began as a Spriggan Brigand on Jan 24, 2022.
             Slain by a black bear (5 damage)
             ... on level 4 of the Dungeon on Jan 25, 2022.
             The game lasted 00:12:42 (3509 turns).

styxcanada the Sneak (Spriggan Brigand)             Turns: 3509, Time: 00:12:44

Health: 0/26       AC:  3    Str:  7    XL:     5   Next: 8%
Magic:  6/6        EV: 17    Int: 12    God:
Gold:   142        SH:  0    Dex: 18    Spells: 4/4 levels left

rFire    . . .     SeeInvis +   a - +3 dagger
rCold    . . .     Faith    .   (shield restricted)
rNeg     . . .     Spirit   .   b - +0 robe
rPois    .         Reflect  .   (helmet restricted)
rElec    .         Harm     .   c - +0 cloak
rCorr    .         Rampage  .   (gloves unavailable)
Will     .....                  (boots unavailable)
Stlth    ++++......             (no amulet)
HPRegen  0.08/turn              (no ring)
MPRegen  0.10/turn              (no ring)

@: very quick
A: very small, no large weapons, unfitting armour, see invisible, speed 3
a: no special abilities


You were on level 4 of the Dungeon.
You visited 1 branch of the dungeon, and saw 4 of its levels.

You collected 142 gold pieces.

Inventory:

Hand Weapons
 a - a +3 dagger (weapon)
 i - a +0 hunting sling
Missiles
 d - 8 poisoned darts (quivered)
 e - 2 curare-tipped darts
 f - 77 stones
 l - 2 boomerangs
Armour
 b - a +0 robe (worn)
 c - a +0 cloak (worn)
Scrolls
 k - a scroll of enchant weapon
 o - a scroll of vulnerability {unknown}
 q - a scroll of immolation {unknown}
Potions
 g - a potion of heal wounds
 h - 2 potions of curing {unknown}
 j - a potion of lignification {unknown}
 m - 2 potions of brilliance {unknown}
 n - a potion of resistance {unknown}
 p - a potion of attraction {unknown}


   Skills:
 * Level 2.2 Fighting
 + Level 2.8 Short Blades
 + Level 2.5 Throwing
 * Level 2.7 Dodging
 * Level 7.9 Stealth


You had 4 spell levels left.
You didn't know any spells.
Your spell library was empty.

Dungeon Overview and Level Annotations

Branches:
Dungeon (4/15)
 Temple: D:4-7

Altars:
Dithmenos


Innate Abilities, Weirdness & Mutations

You are very small and have problems with some larger weapons.
You are too small for most types of armour.
You have supernaturally acute eyesight. (SInv)
You cover ground extremely quickly. (Speed+++)


Message History

A kobold comes into view. It is wielding a +0 whip of pain.
Throw: 11 darts (poison)
Press: ? - help, Q - select action, (/) - cycle Shift-Dir - straight line, f/p - black bear
Aim: a black bear (heavily wounded, very poisoned, 70% to hit)
You throw a poisoned dart.
The poisoned dart closely misses the black bear.
Unknown command.
You see here 8 gold pieces.
You now have 142 gold pieces (gained 8).
The kobold shouts!
The kobold closely misses you.
You closely miss the kobold. The kobold closely misses you.
You barely miss the kobold. You hit the kobold but do no damage.
The kobold completely misses you.
You closely miss the kobold.
The kobold hits you with a +0 whip of pain.
You miss the kobold. The black bear barely misses you.
The black bear completely misses you. The black bear closely misses you.
The kobold barely misses you.
You hit the kobold.
You kill the kobold!
The black bear looks more healthy.
The black bear bites you. The black bear claws you. The black bear misses you.
The black bear goes berserk!
Found a chain mail.
Throw: 10 darts (poison)
Press: ? - help, Q - select action, (/) - cycle Shift-Dir - straight line, f/p - black bear
Aim: a black bear (almost dead, berserk, 70% to hit)
You throw a poisoned dart.
The poisoned dart closely misses the black bear.
Throw: 9 darts (poison)
Press: ? - help, Q - select action, (/) - cycle Shift-Dir - straight line, f/p - black bear
Aim: a black bear (almost dead, berserk, 70% to hit)
You throw a poisoned dart.
The poisoned dart barely misses the black bear.
The poisoned dart hits the phantom.
The black bear bites you!
* * * LOW HITPOINT WARNING * * *
The black bear claws you.
You die...

#........ ###.#.#.#..
.........# ##.#.#.#..
..........
################.....<#
.#........).(........#.#
......................((
#.....@hW(..........#..
#......#####.#.#....#.#
#......# #......#.#.#
#......# ...#.#....#.#
#......# .#...........#
#......................
#...[... .......#....##
........ .. .


You could see a phantom and a black bear (berserk).

Vanquished Creatures
  An orc wizard (D:3)
  3 adders
  3 worms (D:2)
  3 dart slugs
  5 orcs (D:3)
  5 ball pythons
  5 bats
  7 endoplasms
  4 giant cockroaches
  8 goblins
  6 hobgoblins
  3 quokkas
  2 frilled lizards
  8 kobolds
  7 rats
70 creatures vanquished.

Notes
Turn   | Place    | Note
-------+----------+-------------------------------------------
     0 | D:1      | styxcanada the Spriggan Brigand began the quest for the
                  | Orb.
     0 | D:1      | Reached XP level 1. HP: 10/10 MP: 2/2
    30 | D:1      | Reached skill level 6 in Stealth
   168 | D:1      | Reached XP level 2. HP: 15/15 MP: 3/3
  1157 | D:1      | Reached XP level 3. HP: 10/18 MP: 4/4
  1607 | D:2      | Reached skill level 7 in Stealth
  2311 | D:2      | Reached XP level 4. HP: 23/23 MP: 5/5
  3027 | D:3      | Reached XP level 5. HP: 23/26 MP: 6/6
  3413 | D:3      | Found a shadowy altar of Dithmenos.
  3460 | D:4      | Noticed a black bear
  3466 | D:4      | Noticed a phantom
  3509 | D:4      | Slain by a black bear

Illustrated notes

Levels and vault maps discovered:
D:1:      scummos_arrival_hexagon, layout_rooms
D:2:      layout_basic, kennysheep_generic_room_7
D:3:      layout_basic, mainiacjoe_overflow_alcove_2, minmay_misc_feat_enclosed,
          serial_bayou_pond_e, chequers_arboretum
D:4:      layout_basic, serial_glass, glass_columns_a, glass_columns_a,
          glass_columns_b, glass_columns_a, glass_columns_b

Skill      XL: |  1  2  3 |
---------------+----------+-----
Stealth        | 6 7 |  7.9
Dodging        | 2 |  2.7
Fighting       | 2 |  2.2
Short Blades   | |  2.8
Throwing       | |  2.5

Action                   |  1- 3 |  4- 6 || total
-------------------------+-------+-------++-------
Melee: Dagger            |   118 |    72 ||   190
Throw: Dart              |    29 |    29 ||    58
  Use: Scroll            |     3 |     1 ||     4
 Stab: Sleeping          |     9 |     5 ||    14
       Distracted        |       |     1 ||     1
Armor: Robe              |    20 |     8 ||    28
Dodge: Dodged            |    88 |    48 ||   136
